 Dungeon Crawl Stone Soup version 0.21.1-1-g345015fe64 (webtiles) character file.

22527 Gargoyl the Cleaver (level 12, -22/101 HPs)
             Began as a Centaur Abyssal Knight on May 11, 2018.
             Was an Elder of Lugonu.
             Killed from afar by an ice statue (30 damage)
             ... with a shard of ice
             ... in an ice cave.
             The game lasted 00:29:54 (21191 turns).

Gargoyl the Cleaver (Centaur Abyssal Knight)       Turns: 21191, Time: 00:29:56

Health: -22/101    AC: 18    Str: 17    XL:     12   Next: 63%
Magic:  19/19      EV:  6    Int: 11    God:    Lugonu [****..]
Gold:   1091       SH:  7    Dex: 12    Spells: 11/11 levels left

rFire    . . .     SeeInvis +   a - +3 hand axe (chop)
rCold    . . .     Gourm    .   y - +0 buckler
rNeg     + . .     Faith    .   n - +3 chain mail {rN+}
rPois    +         Spirit   .   j - +2 helmet
rElec    .         Reflect  +   (no cloak)
rCorr    .         Harm     .   I - +0 pair of gloves
MR       .....                  (no barding)
Stlth    ..........             f - +3 amulet of reflection
HPRegen  0.26/turn              F - ring of poison resistance
MPRegen  0.16/turn              k - ring of see invisible

@: very quick
A: large, hooves 3, deformed body, speed 2, tough skin 3
a: Depart the Abyss, Bend Space, Banish, Corrupt, Renounce Religion


You were in an ice cave.
You worshipped Lugonu.
Lugonu was greatly pleased with you.
You were not hungry.

You visited 2 branches of the dungeon, and saw 13 of its levels.
You visited the Abyss 1 time.
You also visited: Ossuary and Ice Cave.

You collected 1091 gold pieces.

Inventory:

Hand Weapons
 a - a +3 hand axe of chopping (weapon)
Missiles
 h - 14 tomahawks (quivered)
 l - 3 javelins
Armour
 j - a +2 helmet (worn)
 n - a +3 chain mail of positive energy (worn)
 y - a +0 buckler (worn)
 I - a +0 pair of gloves (worn)
Jewellery
 b - an uncursed ring of resist corrosion
 f - a +3 amulet of reflection (around neck)
 k - a ring of see invisible (right hand)
 q - an uncursed ring of protection from cold
 F - a ring of poison resistance (left hand)
Wands
 p - a wand of random effects (27)
 r - a wand of polymorph (17)
 s - a wand of scattershot (8)
 x - a wand of iceblast (13)
 H - a wand of digging (13)
 L - a wand of flame (26)
 M - a wand of acid (10)
 O - a wand of paralysis (12)
Scrolls
 d - 11 scrolls of remove curse
 i - a scroll of blinking
 t - 4 scrolls of teleportation
 w - 3 scrolls of amnesia
 C - 7 scrolls of identify
 K - 2 scrolls of fog
Potions
 e - 4 potions of curing
 g - 3 potions of flight
 m - 2 potions of brilliance
 o - 2 potions of invisibility
 u - 3 potions of degeneration
 v - a potion of berserk rage
 A - a potion of ambrosia
 B - 2 potions of might
 D - 2 potions of haste
 E - a potion of resistance
 G - 3 potions of agility
 N - 3 potions of lignification
Books
 z - a book of Cantrips

   Spells                             Type                      Level
   a - Confusing Touch                Hexes                        1
   b - Animate Skeleton               Necromancy                   1
   c - Summon Small Mammal            Summoning                    1
   d - Apportation                    Translocation                1
 J - a book of Battle

   Spells                             Type                      Level
   a - Infusion                       Charms                       1
   b - Shroud of Golubria             Charms/Translocation         2
   c - Song of Slaying                Charms                       2
   d - Spectral Weapon                Hexes/Charms                 3
   e - Regeneration                   Charms/Necromancy            3
Comestibles
 c - 9 rations


   Skills:
 + Level 7.9 Fighting
 + Level 10.7 Axes
 + Level 1.3 Throwing
 * Level 9.6 Armour
 + Level 2.4 Dodging
 + Level 3.6 Shields
 * Level 10.5 Invocations


You had 11 spell levels left.
You didn't know any spells.

Dungeon Overview and Level Annotations

Branches:
Dungeon (10/15)            Temple (0/1) D:6            Lair (3/6) D:10
 Shoals (0/4) Lair:2
  Snake: Lair:2-4    Spider: Lair:2-4       Orc: D:9-12

Altars:
Cheibriados
Elyvilon
Hepliaklqana
Nemelex Xobeh
Ru
Uskayaw
Vehumet
Wu Jian
Zin
The Shining One

Shops:
D:7 }

Annotations:
D:9 exclusion: ice statue
Lair:2 exclusion: oklob plant IceCv corrupted, exclusion: ice statue


Innate Abilities, Weirdness & Mutations

You have hooves in place of feet.
Armour fits poorly on your strangely shaped body.
You cover ground very quickly.
You have extremely tough skin. (AC +3)


Message History

You hit the ice statue but do no damage.
The ice statue is moderately damaged.
You hit the ice beast.
You are engulfed in freezing vapours.
* * * LOW HITPOINT WARNING * * *
The ice beast hits you.
* * * LOW HITPOINT WARNING * * *
The ice beast freezes you!
* * * LOW HITPOINT WARNING * * *
Unknown command.
You hit the ice statue.
The ice statue is moderately damaged.
You hit the ice beast but do no damage.
The ice beast hits you but does no damage.
You hit the ice statue.
The ice statue is heavily damaged.
You hit the ice beast.
You kill the ice beast!
The ice statue gestures at you. The shard of ice hits you!
You die...

## ##.#
#..#
##Y.##
#.8§.##
##§@§§.#
#..§#..#
##..##
..#
#..## .#
#.## .#
#.## #
##.#
##†#
#(.#


You could see an ice statue and an ice beast.

Vanquished Creatures
  Harold (D:10)
  Erica (Lair:1)
  A black mamba (Lair:1)
  7 spiny frogs
  A rime drake (Lair:2)
  A komodo dragon (Lair:2)
  A troll (D:10)
  6 polar bears (IceCv)
  4 hippogriffs
  Sigmund (D:3)
  A spriggan (D:6)
  A wyvern (D:8)
  3 basilisks
  31 yaks
  4 water moccasins
  7 porcupines
  3 orc warriors
  2 black bears
  9 ice beasts
  The ghost of Lokiki the Charmwright, an amateur GnSk (D:3)
  9 ogres
  18 wolves (IceCv)
  3 centaurs
  4 crocodiles
  3 big kobolds
  An elf zombie (Ossuary)
  19 bullfrogs
  4 scorpions
  A wyvern skeleton (D:9)
  4 killer bees (D:10)
  2 wights (D:7)
  6 howler monkeys
  A crimson imp (D:6)
  2 human zombies (Ossuary)
  2 jellies
  2 hounds
  8 orc priests
  An iguana (D:8)
  Ijyb (D:4)
  8 orc wizards
  6 worker ants
  2 big kobold zombies (Ossuary)
  4 mummies (Ossuary)
  2 hound skeletons
  A worker ant zombie (D:10)
  9 adders
  A shadow imp (D:5)
  3 oozes
  3 adder zombies
  3 adder skeletons
  3 worms (D:2)
  2 dart slugs
  5 leopard geckos
  24 orcs
  8 bats
  5 giant cockroaches
  A gnoll zombie (Ossuary)
  8 goblins
  5 hobgoblins
  11 jackals
  5 quokkas
  6 frilled lizards
  A goblin zombie (D:7)
  A jackal skeleton (D:8)
  2 jackal zombies (Ossuary)
  26 kobolds
  2 kobold zombies (Ossuary)
  An orc zombie (Ossuary)
  A quokka skeleton (D:9)
  7 rats
  A rat zombie (D:7)
  2 fungi (Lair:2)
  2 plants
348 creatures vanquished.

Vanquished Creatures (others)
  The ghost of Tegun the Impaler, a journeyman OgSk of Ashenzari (D:10)
  A hydra (Lair:1)
  A two-headed ogre (D:9)
  The ghost of tensugalgo the Cleaver, a novice BaFi of Okawaru (D:7)
  A spiny frog (Lair:2)
  2 komodo dragons
  5 polar bears (IceCv)
  A yak (IceCv)
  A wolf (IceCv)
  A scorpion (D:5)
  A wight (D:7)
  An electric eel (Lair:2)
  A bush (Lair:1)
  19 fungi
  19 plants
  5 starspawn tentacles (IceCv)
61 creatures vanquished.

Grand Total: 409 creatures vanquished

Notes
Turn   | Place    | Note
-------+----------+-------------------------------------------
     0 | Abyss:1  | Gargoyl the Centaur Abyssal Knight began the quest for the Orb.
     0 | Abyss:1  | Reached XP level 1. HP: 19/19 MP: 2/2
    63 | Abyss:1  | Noticed a quasit
   134 | Abyss:2  | Noticed a mana viper
   138 | D:1      | Escaped the Abyss
   203 | D:1      | Reached * piety under Lugonu
   209 | D:1      | Reached XP level 2. HP: 8/26 MP: 3/3
   928 | D:1      | Reached XP level 3. HP: 31/31 MP: 4/4
  1263 | D:2      | Found an ornate altar of the Wu Jian Council.
  1498 | D:2      | Reached ** piety under Lugonu
  1705 | D:2      | Reached XP level 4. HP: 11/38 MP: 5/5
  2493 | D:3      | Noticed Sigmund
  2506 | D:3      | Killed Sigmund
  2506 | D:3      | Reached XP level 5. HP: 45/45 MP: 5/7
  2583 | D:3      | Found a glowing silver altar of Zin.
  2678 | D:3      | Noticed Lokiki's ghost (amateur GnSk)
  2700 | D:3      | Killed Lokiki's ghost
  2700 | D:3      | Reached XP level 6. HP: 18/52 MP: 8/8
  2990 | D:3      | Found a sparkling altar of Nemelex Xobeh.
  3271 | D:4      | Found a hazy altar of Hepliaklqana.
  3278 | D:4      | Reached *** piety under Lugonu
  3592 | D:4      | Noticed Ijyb
  3630 | D:4      | Killed Ijyb
  3630 | D:4      | Reached XP level 7. HP: 48/58 MP: 9/9
  3636 | D:4      | Reached skill level 1 in Dodging
  4261 | D:5      | Entered Level 5 of the Dungeon
  4696 | D:5      | Reached skill level 5 in Axes
  4972 | D:5      | Reached XP level 8. HP: 24/66 MP: 1/11
  5970 | D:6      | Found a staircase to the Ecumenical Temple.
  6113 | D:6      | Reached skill level 5 in Invocations
  6589 | D:7      | Noticed tensugalgo's ghost (novice BaFi)
  6838 | D:7      | Reached skill level 5 in Armour
  6866 | D:7      | Banished tensugalgo's ghost
  6866 | D:7      | Reached XP level 9. HP: 18/72 MP: 8/13
  6958 | D:7      | Found Vaaf's Gadget Emporium.
  6964 | D:7      | Found a sand-covered staircase.
  6971 | Ossuary  | Entered an ossuary
  7002 | Ossuary  | Reached skill level 1 in Shields
  7377 | D:7      | Reached **** piety under Lugonu
  7571 | D:7      | Found a radiant altar of Vehumet.
  7574 | D:7      | Found a sacrificial altar of Ru.
  7577 | D:7      | Found a glowing golden altar of the Shining One.
  7580 | D:7      | Found a hide-covered altar of Uskayaw.
  7891 | D:7      | Found a white marble altar of Elyvilon.
  8227 | D:8      | Reached skill level 5 in Fighting
  8651 | D:8      | Found a snail-covered altar of Cheibriados.
  9316 | D:9      | Reached ***** piety under Lugonu
  9382 | D:9      | Reached skill level 1 in Throwing
  9382 | D:9      | Reached XP level 10. HP: 67/81 MP: 15/15
  9687 | D:9      | Noticed an ice statue
 10976 | D:10     | Entered Level 10 of the Dungeon
 10994 | D:10     | Noticed a two-headed ogre
 10995 | D:10     | Noticed Harold
 11022 | D:9      | Banished a two-headed ogre
 11337 | D:10     | Killed Harold
 11576 | D:10     | Noticed Tegun's ghost (journeyman OgSk)
 11632 | D:10     | Banished Tegun's ghost
 12276 | D:10     | Found a staircase to the Lair.
 13348 | D:10     | Reached XP level 11. HP: 89/89 MP: 17/17
 13779 | Lair:1   | Entered Level 1 of the Lair of Beasts
 14434 | Lair:1   | Noticed a five-headed hydra
 14436 | Lair:1   | Banished a five-headed hydra
 15180 | Lair:1   | Noticed Erica
 15195 | Lair:1   | Killed Erica
 16695 | Lair:2   | Noticed an oklob plant
 17459 | Lair:2   | Reached skill level 10 in Axes
 17481 | Lair:2   | Reached XP level 12. HP: 33/100 MP: 16/19
 18816 | Lair:2   | Reached skill level 10 in Invocations
 19099 | Lair:2   | Found a staircase to the Shoals.
 19510 | Lair:3   | Found a frozen archway.
 19554 | IceCv    | Entered an ice cave
 20326 | IceCv    | Corrupted IceCv
 20326 | IceCv    | Noticed a red very ugly thing
 20326 | IceCv    | Noticed a tentacled starspawn
 20328 | IceCv    | Noticed a hell hog
 20349 | IceCv    | Noticed a starcursed mass
 20370 | IceCv    | Noticed a tentacled starspawn
 21191 | IceCv    | Killed from afar by an ice statue

Skill      XL: |  1  2  3  4  5  6  7  8  9 10 11 12 |
---------------+-------------------------------------+-----
Axes           | 2 3 4 5 6 7 8 10 | 10.7
Armour         | 2 3 4 5 6 7 8 9 |  9.6
Invocations    | 3 4 5 7 8 9 10 | 10.5
Dodging        | 1 2 |  2.4
Fighting       | 4 5 6 7 |  7.9
Shields        | 1 2 3 |  3.6
Throwing       | 1 |  1.3

Action                   |  1- 3 |  4- 6 |  7- 9 | 10-12 || total
-------------------------+-------+-------+-------+-------++-------
Melee: Hand axe          |   125 |   116 |   447 |   952 ||  1640
       Kick              |    24 |    19 |   110 |   269 ||   422
Throw: Tomahawk          |     3 |     3 |     5 |    15 ||    26
Invok: Depart the Abyss  |     1 |       |       |       ||     1
       Banish            |       |       |     4 |    11 ||    15
       Bend Space        |       |       |     2 |     3 ||     5
       Corrupt           |       |       |       |     1 ||     1
  Use: Scroll            |     8 |     3 |    14 |     4 ||    29
       Potion            |       |     2 |     4 |     6 ||    12
  Eat: Ration            |     1 |     1 |     4 |     9 ||    15
       Chunk             |       |     1 |     2 |    11 ||    14
Armor: Chain mail        |    96 |   103 |   293 |   551 ||  1043
Dodge: Dodged            |    35 |    24 |    89 |   212 ||   360
Block: Other             |    15 |    17 |    15 |       ||    47
       Buckler           |       |       |   104 |   314 ||   418
       Reflection        |       |       |     5 |     7 ||    12
